 Dungeon Crawl Stone Soup version 0.28-a0-1518-gbe868bca14 (webtiles) character file.

Game seed: 9629841652589656356

47 issech the Vexing (level 3, -1/26 HPs)
             Began as a Human Arcane Marksman on Jan 16, 2022.
             Slain by an ufetubus (3 damage)
             ... on level 3 of the Dungeon.
             The game lasted 00:16:36 (2201 turns).

issech the Vexing (Human Arcane Marksman)           Turns: 2201, Time: 00:16:36

Health: -1/26      AC:  5    Str: 10    XL:     3   Next: 97%
Magic:  4/4        EV: 10    Int: 13    God:
Gold:   85         SH:  0    Dex: 15    Spells: 2/4 levels left

rFire   . . .      SeeInvis .   a - +0 shortbow
rCold   . . .      Faith    .   (shield currently unavailable)
rNeg    . . .      Spirit   .   v - +0 ring mail
rPois   .          Reflect  .   (no helmet)
rElec   .          Harm     .   (no cloak)
rCorr   .          Rampage  .   (no gloves)
Will    .....                   (no boots)
Stlth   +.........              (no amulet)
HPRegen 0.08/turn               (no ring)
MPRegen 0.09/turn               (no ring)

@: no status effects
A: no striking features
a: no special abilities


You were on level 3 of the Dungeon.
You visited 1 branch of the dungeon, and saw 3 of its levels.

You collected 85 gold pieces.

Inventory:

Hand Weapons
 a - a +0 shortbow (weapon)
 b - a +0 short sword
 f - a +0 club
 i - a +0 club
 j - a +0 dagger
 m - a +0 dagger
 o - a +0 dagger
 p - a +0 club
 r - a +0 trident
 s - a +0 dagger
 t - a +0 short sword
 x - a +0 short sword
 y - a +0 dagger
 z - a +0 club
 A - a +0 club
 B - a +0 dagger
 C - a +0 dagger
 D - a +0 club
 E - a +0 club
 F - a +0 dagger
Missiles
 c - 20 arrows (quivered ammo)
 e - 134 stones
 k - 21 sling bullets
 n - 10 poisoned darts
Armour
 d - a +0 robe
 v - a +0 ring mail (worn)
Scrolls
 g - a scroll of identify {unknown}
 h - a scroll of magic mapping {unknown}
 l - a scroll of fear {unknown}
Potions
 q - a potion of degeneration {unknown}
 u - a potion of flight {unknown}
 w - a potion of heal wounds {unknown}


   Skills:
 + Level 1.3 Fighting
 + Level 3.2 Bows
 + Level 0.2 Armour
 + Level 2.1 Dodging
 + Level 1.0 Spellcasting
 + Level 3.3 Hexes
 + Level 0.1 Transmutations


You had 2 spell levels left.
You knew the following spells:

 Your Spells              Type           Power      Damage    Failure   Level
a - Slow                  Hex            36%        N/A       19%         1
b - Beastly Appendage     Tmut           2%         N/A       56%         1

Your spell library contained the following spells:

 Spells                   Type           Power      Damage    Failure   Level
 Freeze                   Ice            0%         1d3       58%         1
 Wereblood                Tmut           1%         N/A       71%         2
 Inner Flame              Hex/Fire       4%         N/A       75%         3
 Portal Projectile        Hex/Tloc       8%         N/A       75%         3
 Cause Fear               Hex            4%         N/A       88%         4
 Frozen Ramparts          Ice            0%         1d2       91%         3
 Spider Form              Tmut/Pois      0%         N/A       91%         3
 Hailstorm                Conj/Ice       0%         3d3       100%        4


Dungeon Overview and Level Annotations

Branches:
Dungeon (3/15)

Altars:
Hepliaklqana


Message History

Unknown command.
Fire: 24 arrows
Press: ? - help, Q - select action, (/) - cycle Shift-Dir - straight line, f/p - worm
Aim: a worm (almost dead, 78% to hit)
You shoot an arrow. The arrow barely misses the worm.
The worm bites you!
* * * LOW HITPOINT WARNING * * *
Fire: 23 arrows
Press: ? - help, Q - select action, (/) - cycle Shift-Dir - straight line, f/p - worm
Aim: a worm (almost dead, 78% to hit)
You shoot an arrow. The arrow hits the worm.
You kill the worm!
You start resting.
A bat comes into view.
The bat moves out of view.
Fire: 22 arrows
Press: ? - help, Q - select action, (/) - cycle Shift-Dir - straight line, f - you
Okay, then.
You start resting.
An ufetubus comes into view.
Fire: 22 arrows
Press: ? - help, Q - select action, (/) - cycle Shift-Dir - straight line, f - ufetubus
Aim: an ufetubus (wandering, hasn't noticed you, 40% to hit)
You shoot an arrow. The arrow misses the ufetubus.
The ufetubus shouts!
Fire: 21 arrows
Press: ? - help, Q - select action, (/) - cycle Shift-Dir - straight line, f/p - ufetubus
Aim: an ufetubus (40% to hit)
You shoot an arrow. The arrow closely misses the ufetubus.
The ufetubus hits you.
* * * LOW HITPOINT WARNING * * *
The ufetubus hits you but does no damage.
The ufetubus closely misses you. x2
The ufetubus hits you but does no damage.
The ufetubus hits you.
* * * LOW HITPOINT WARNING * * *
The ufetubus closely misses you.
The ufetubus hits you but does no damage.
The ufetubus closely misses you. The ufetubus hits you.
You die...

#.#
##.##
#...#
##.##
#.#
#.#
#.#
#5#
#@#
#.#
#.#
##.
#.#
...
...
###
...
...
##
.....
#. #.


You could see an ufetubus.

Vanquished Creatures
  A worm (D:3)
  2 dart slugs
  3 endoplasms
  5 hobgoblins
  2 quokkas
  3 ball pythons
  4 bats
  A frilled lizard (D:2)
  11 goblins
  4 kobolds
  2 rats (D:1)
38 creatures vanquished.

Notes
Turn   | Place    | Note
-------+----------+-------------------------------------------
     0 | D:1      | issech the Human Arcane Marksman began the quest for the
                  | Orb.
     0 | D:1      | Reached XP level 1. HP: 15/15 MP: 2/2
   208 | D:1      | Reached XP level 2. HP: 21/21 MP: 3/3
  1106 | D:2      | Reached XP level 3. HP: 26/26 MP: 4/4
  1171 | D:2      | Found a hazy altar of Hepliaklqana.
  1329 | D:2      | Learned a level 1 spell: Beastly Appendage
  1627 | D:2      | Found a faded altar of an unknown god.
  2201 | D:3      | Slain by an ufetubus

Illustrated notes

Levels and vault maps discovered:
D:1:      dpeg_arrival_fog, layout_loops_ring, minmay_tiny_reverse_x
D:2:      cheibrodos_greedy_goblins, layout_rooms, basic_altar,
          dreamdust_ecumenical_altar_grove, minmay_misc_feat_cross,
          moated_statue, grunt_ministairs_3, chequers_decorated_corner
D:3:      layout_loops_ring, grunt_temple_overflow_opulence

Skill      XL: |  1  2  3 |
---------------+----------+-----
Bows           | 3 |  3.2
Fighting       | |  1.3
Armour         | |  0.2
Dodging        | |  2.1
Spellcasting   | |  1.0
Hexes          | |  3.3
Transmutations | |  0.1

Action                   || total
-------------------------++-------
 Fire: Shortbow          ||   122
 Cast: Beastly Appendage ||     1
Armor: Robe              ||     3
       Ring mail         ||    18
Dodge: Dodged            ||    38

Table legend: (Time is in decaauts)
 A = Elapsed time spent in this place.
 B = Non-inter-level travel time spent in this place.
 C = Inter-level travel time spent in this place.
 D = Time resting spent in this place.
 E = Time spent auto-exploring this place.
 F = Levels seen in this place.
 G = Mean time per level.
                   A        B        C        D        E       F      G
               +--------+--------+--------+--------+--------+-----+--------+
         Total |   2220 |   2220 |      0 |    352 |    426 |   3 |  740.0 |
       Dungeon |   2220 |   2220 |      0 |    352 |    426 |   3 |  740.0 |
               +--------+--------+--------+--------+--------+-----+--------+

Top non-repeatable levels by time:
     D:1: 1113 daAuts
     D:2: 1052 daAuts
     D:3: 54 daAuts
